 Dungeon Sprint DCSS version 0.21-a0-270-g8204059 (webtiles) character file.

163 Kidiri the Thaumaturge (level 5, -3/28 HPs)
             Began as a Deep Elf Fire Elementalist on Sept 13, 2017.
             Was an Initiate of Vehumet.
             Collided with a stone wall (6 damage)
             ... caused by a deep elf mage
             ... in the Dungeon (Sprint III: "The Ten Rune Challenge").
             The game lasted 00:03:02 (716 turns).

Kidiri the Thaumaturge (Deep Elf Fire Elementalist)  Turns: 716, Time: 00:03:04

Health: -3/28      AC:  7    Str:  5    XL:     5   Next: 20%
Magic:  19/19      EV: 13    Int: 19    God:    Vehumet [......]
Gold:   44         SH:  0    Dex: 15    Spells: 3/24 levels left

rFire    + . .     SeeInvis .   l - +0 dagger
rCold    . . .     Gourm    .   (no shield)
rNeg     . . .     Faith    .   a - +1 robe {rF+}
rPois    .         Spirit   .   (no helmet)
rElec    .         Reflect  .   k - +1 cloak {MR+}
rCorr    .         Harm     .   (no gloves)
MR       +....     NoTele   +   (no boots)
Stlth    ++........             (no amulet)
HPRegen  0.09/turn              (no ring)
MPRegen  0.16/turn              (no ring)

@: no status effects
A: slimy green scales 1, blurry vision 1, dopey 1
a: Renounce Religion


You were in the Dungeon.
You worshipped Vehumet.
Vehumet was noncommittal.
You were not hungry.

You visited 1 branch You collected 44 gold pieces.

Inventory:

Hand Weapons
 l - a +0 dagger (weapon)
Armour
 a - a +1 robe of fire resistance (worn)
 k - a +1 cloak of magic resistance (worn)
Scrolls
 i - a scroll of blinking
 m - 2 scrolls of immolation
 n - 2 scrolls of identify
 o - a scroll of remove curse
Potions
 d - a potion of curing
 e - 2 potions of heal wounds
 f - a potion of haste
 g - 2 potions of magic
 h - a potion of berserk rage
 q - 3 potions of flight
Books
 t - a book of Ice

   Spells                             Type                      Level
   a - Ice Form                       Ice/Transmutation            4
   b - Metabolic Englaciation         Hexes/Ice                    5
   c - Ozocubu's Refrigeration        Ice                          6
   d - Bolt of Cold                   Conjuration/Ice              6
   e - Freezing Cloud                 Conjuration/Ice/Air          6
   f - Simulacrum                     Ice/Necromancy               6
Comestibles
 c - a bread ration
 j - a chunk of flesh
 p - 3 fruits
 r - a meat ration


   Skills:
 + Level 0.0 Fighting
 + Level 0.0 Short Blades
 + Level 0.0 Armour
 + Level 2.4 Dodging
 - Level 2.4 Stealth
 * Level 10.2 Spellcasting
 + Level 5.6 Conjurations
 + Level 6.7 Fire Magic
 + Level 0.0 Air Magic
 + Level 0.0 Poison Magic


You had 3 spell levels left.
You knew the following spells:

 Your Spells              Type           Power        Failure   Level  Hunger
a - Flame Tongue          Conj/Fire      ####.        1%          1    None
b - Throw Flame           Conj/Fire      ####..       1%          2    None
c - Conjure Flame         Conj/Fire      ####....     1%          3    None
d - Inner Flame           Hex/Fire       ###.....     5%          3    None
e - Sticky Flame          Conj/Fire      ####....     5%          4    ##.....
f - Fireball              Conj/Fire      ####......   16%         5    #####..
g - Mephitic Cloud        Conj/Pois/Air  ###.....     10%         3    None


Dungeon Overview and Level Annotations

Branches:
Dungeon (1/1)

Altars:
Elyvilon
Kikubaaqudgha
Sif Muna
Vehumet
Zin
The Shining One


Innate Abilities, Weirdness & Mutations

You are partially covered in slimy green scales. (AC +2)
Scrolls take you a little longer to read.
You are dopey. (Int -2)


Message History

Unknown command.
Casting: Flame Tongue
Confirm with . or Enter, or press ? or * to list all spells.
Aiming: Flame Tongue
Press: ? - help, Shift-Dir - straight line, f - you
Okay, then.
Unknown command.
You open the door.
Found a glowing silver altar of Zin.
A deep elf mage comes into view.
It is wielding a long sword of holy wrath.
Found a potion of curing.
Found two altars.
There is an open door here.
The deep elf mage shouts!
The deep elf mage points at you and mumbles some strange words.
The lance of force hits you!
Ouch! That really hurt!
* * * LOW HITPOINT WARNING * * *
You are knocked back by the lance of force.
You slam into the stone wall!
You die...

▓▓▓▓▓▓▓ ▓▓▓ .+....♣♣♣
♣.##### .#......♣
♣♣.#___# ##....♣♣♣
♣..#e.@#
.#....≈.♣♣♣♣.###'#+###+
.#...≈≈...♣♣.#..........
.#..≈≈≈≈♣..♣.'.⌠........
'#).≈≈≈≈≈≈...#...######+
.#.≈≈≈≈≈≈....#.⌠.#
.#.≈≈≈≈≈.....#...#
.#.≈≈≈.......#+###
##...........#...#


You could see a deep elf mage.

Vanquished Creatures
  A water elemental (D)
  A wizard (D)
  Crazy Yiuf (D)
  A human (D)
  A kobold demonologist (D)
  2 oozes (D)
  2 rats (D)
9 creatures vanquished.

Vanquished Creatures (others)
  2 draconian scorchers (D)
  6 hellions (D)
  2 yaktaurs (D)
10 creatures vanquished.

Grand Total: 19 creatures vanquished

Notes
Turn   | Place    | Note
-------+----------+-------------------------------------------
     0 | D        | Kidiri the Deep Elf Fire Elementalist began the quest for the Orb.
     0 | D        | Reached XP level 1. HP: 10/10 MP: 6/6
     4 | D        | Reached skill level 4 in Spellcasting
    45 | D        | Reached skill level 5 in Spellcasting
    45 | D        | Reached XP level 2. HP: 15/15 MP: 5/10
    49 | D        | Learned a level 2 spell: Throw Flame
    51 | D        | Killed a yaktaur
   104 | D        | Killed a hellion
   114 | D        | Noticed Crazy Yiuf
   123 | D        | Killed Crazy Yiuf
   123 | D        | Reached skill level 6 in Spellcasting
   123 | D        | Reached XP level 3. HP: 1/19 MP: 0/13
   137 | D        | Learned a level 3 spell: Conjure Flame
   139 | D        | Killed a hellion
   141 | D        | Learned a level 3 spell: Inner Flame
   152 | D        | Killed a hellion
   153 | D        | Killed a hellion
   157 | D        | Gained mutation: You have a pair of small antennae on your head. [potion of mutation]
   157 | D        | Gained mutation: You are clumsy. (Dex -2) [potion of mutation]
   157 | D        | Gained mutation: You have sharp toenails. [potion of mutation]
   157 | D        | Gained mutation: You are robust. (+10% HP) [potion of mutation]
   158 | D        | Lost mutation: You are clumsy. (Dex -2) [potion of mutation]
   158 | D        | Lost mutation: You have a pair of small antennae on your head. [potion of mutation]
   158 | D        | Lost mutation: You are robust. (+10% HP) [potion of mutation]
   158 | D        | Gained mutation: You are agile. (Dex +2) [potion of mutation]
   158 | D        | Gained mutation: Your body sometimes deteriorates upon taking damage. [potion of mutation]
   158 | D        | Gained mutation: Your spells are a little harder to cast, but a little more powerful. [potion of mutation]
   159 | D        | Lost mutation: Your spells are a little harder to cast, but a little more powerful. [potion of mutation]
   159 | D        | Lost mutation: You are agile. (Dex +2) [potion of mutation]
   159 | D        | Lost mutation: You have sharp toenails. [potion of mutation]
   159 | D        | Lost mutation: Your body sometimes deteriorates upon taking damage. [potion of mutation]
   159 | D        | Gained mutation: You are clumsy. (Dex -2) [potion of mutation]
   159 | D        | Gained mutation: You have an increased reservoir of magic. (+10% MP) [potion of mutation]
   159 | D        | Gained mutation: You are dopey. (Int -2) [potion of mutation]
   159 | D        | Gained mutation: You are somewhat resistant to further mutation. [potion of mutation]
   160 | D        | Lost mutation: You are somewhat resistant to further mutation. [potion of mutation]
   160 | D        | Lost mutation: You are clumsy. (Dex -2) [potion of mutation]
   160 | D        | Lost mutation: You have an increased reservoir of magic. (+10% MP) [potion of mutation]
   160 | D        | Gained mutation: Scrolls take you a little longer to read. [potion of mutation]
   160 | D        | Gained mutation: You are partially covered in slimy green scales. (AC +2) [potion of mutation]
   189 | D        | Killed a white draconian scorcher
   212 | D        | Killed a hellion
   238 | D        | Killed a hellion
   303 | D        | Killed a white draconian scorcher
   423 | D        | Reached skill level 7 in Spellcasting
   423 | D        | Reached skill level 5 in Fire Magic
   460 | D        | Noticed a water elemental
   465 | D        | Killed a water elemental
   465 | D        | Reached skill level 9 in Spellcasting
   465 | D        | Reached skill level 5 in Conjurations
   465 | D        | Reached XP level 4. HP: 10/24 MP: 9/17
   471 | D        | Learned a level 4 spell: Sticky Flame
   632 | D        | Found a radiant altar of Vehumet.
   633 | D        | Found a deep blue altar of Sif Muna.
   633 | D        | Found an ancient bone altar of Kikubaaqudgha.
   633 | D        | Noticed a wizard
   637 | D        | Noticed an orange demon
   638 | D        | Killed a wizard
   638 | D        | Reached skill level 10 in Spellcasting
   638 | D        | Reached XP level 5. HP: 25/28 MP: 8/19
   645 | D        | Learned a level 5 spell: Fireball
   675 | D        | Killed a yaktaur
   676 | D        | Became a worshipper of Vehumet
   681 | D        | Learned a level 3 spell: Mephitic Cloud
   714 | D        | Found a glowing silver altar of Zin.
   715 | D        | Found a glowing golden altar of the Shining One.
   715 | D        | Found a white marble altar of Elyvilon.
   715 | D        | Noticed a deep elf mage
   716 | D        | Collided with a stone wall

Vault maps used:
D:        dungeon_sprint_mu

Skill      XL: |  1  2  3  4 |
---------------+-------------+-----
Spellcasting   | 5 6 9 10 | 10.2
Conjurations   | 2 3 5 |  5.6
Fire Magic     | 4 6 |  6.7
Dodging        | |  2.4
Stealth        | |  2.4

Action                   |  1- 3 |  4- 6 || total
-------------------------+-------+-------++-------
Melee: Unarmed           |     1 |       ||     1
 Cast: Flame Tongue      |    16 |     1 ||    17
       Throw Flame       |     5 |       ||     5
       Conjure Flame     |     1 |       ||     1
       Sticky Flame      |       |     2 ||     2
  Use: Potion            |     4 |       ||     4
       Scroll            |     2 |       ||     2
Dodge: Dodged            |     1 |     1 ||     2

Table legend:
 A = Spawn XP
 B = Non-spawn XP
 C = Spawn XP percentage of total XP
 D = Spawn monster count
 E = Non-spawn monster count
 F = Spawn count percentage of total count
 G = Total turns spent on level
                    A         B        C        D         E        F      G
               +---------+---------+-------+---------+---------+-------+---------
         Total |       0 |     233 |   0.0 |       0 |       9 |   0.0 |   716
               +---------+---------+-------+---------+---------+-------+---------
             D |       0 |     233 |   0.0 |       0 |       9 |   0.0 |   716
               +---------+---------+-------+---------+---------+-------+---------
